 Dungeon Crawl Stone Soup version 0.16.2-12-gd0ad4c3 (webtiles) character file.

74 WhatsThis the Charmwright (level 4, -2/30 HPs)
             Began as a High Elf Skald on Nov 26, 2015.
             Slain by a gnoll
             ... wielding a +0 spear
              (8 damage)
             ... on level 2 of the Dungeon.
             The game lasted 00:52:54 (2123 turns).

WhatsThis the Charmwright (High Elf Skald)          Turns: 2123, Time: 00:52:54

Health: -2/30      AC:  4    Str: 12    XL:     4   Next: 10%
Magic:  11/11      EV: 12    Int: 16    God:
Gold:   104        SH:  0    Dex: 14    Spells: 3 memorised, 2 levels left

rFire  . . .     SeeInvis .     g - +0 spear
rCold  . . .     Clarity  +     b - +0 leather armour
rNeg   + . .     SustAb   .     (no shield)
rPois  .         Gourm    .     (no helmet)
rElec  .         Spirit   .     (no cloak)
rCorr  .         Warding  .     (no gloves)
rMut   .         Stasis   .     f - +0 pair of boots
MR     .....                    t - amulet of clarity
Stlth  +.........               (no ring)
                                p - ring of positive energy

@: not resistant to hostile enchantments, very unstealthy
A: no striking features
a: no special abilities


You were on level 2 of the Dungeon.
You were not hungry.

You visited 1 branch of the dungeon, and saw 3 of its levels.

You collected 104 gold pieces.

Inventory:

Hand weapons
 a - a +0 club
 g - a +0 spear (weapon)
 k - a +1 dagger of speed
 u - a +0 dagger
 B - a +0 dagger
 F - a +0 dagger
 M - a +0 hand axe
 O - a +0 giant spiked club
 Q - a +0 short sword
 R - a +0 dagger
 T - a +0 dagger
Missiles
 e - 29 stones (quivered)
 m - 22 arrows
 q - 16 poisoned needles
 r - 58 bolts
Armour
 b - a +0 leather armour (worn)
 f - a +0 pair of boots (worn)
Jewellery
 p - a ring of positive energy (left hand)
 t - an amulet of clarity (around neck)
Scrolls
 y - a scroll of identify {unknown}
 A - 2 scrolls of teleportation {unknown}
 C - a scroll of fog {unknown}
Potions
 n - 2 potions of might {unknown}
 s - 2 potions of resistance {unknown}
 K - a potion of invisibility {unknown}
 L - a potion of agility {unknown}
 N - a potion of haste {unknown}
 P - a potion of lignification {unknown}
Books
 c - a book of Battle

   Spells                             Type                      Level
   a - Infusion                       Charms                       1
   b - Shroud of Golubria             Charms/Translocation         2
   c - Song of Slaying                Charms                       2
   d - Spectral Weapon                Hexes/Charms                 3
   e - Regeneration                   Charms/Necromancy            3
Comestibles
 d - 2 bread rations
 v - a beef jerky
 z - 3 fruits
 I - 2 meat rations


   Skills:
 + Level 2.6 Fighting
 + Level 2.7 Short Blades
 + Level 0.4 Polearms
 + Level 1.6 Armour
 + Level 2.0 Dodging
 + Level 0.2 Stealth
 + Level 2.7 Spellcasting
 + Level 4.2 Charms


You had 2 spell levels left.
You knew the following spells:

 Your Spells              Type           Power        Failure   Level  Hunger
a - Infusion              Chrm           ###...       6%          1    #......
b - Shroud of Golubria    Chrm/Tloc      #.........   17%         2    ##.....
c - Spectral Weapon       Hex/Chrm       #.......     34%         3    ###....


Dungeon Overview and Level Annotations

Branches:
Dungeon (3/15)

Altars:


Message History

a club; a goblin corpse You hit the gnoll but do no damage.
The gnoll hits you with a spear.
You barely miss the gnoll. The gnoll hits you with a spear.
* * * LOW HITPOINT WARNING * * *
Press: ? - help, v - describe, . - travel, g - get item
Here: a gnoll, wielding a spear A club.
There is something else lying underneath.
A stone staircase leading down, spattered with blood.
Sorry, you're not good enough to have a special ability.
You hit the gnoll.
The gnoll is lightly wounded.
The gnoll hits you with a spear.
* * * LOW HITPOINT WARNING * * *
As you read the scroll labeled TRISHRIKKEQ, it crumbles to dust.
It is a scroll of enchant weapon.
Enchant which weapon? (? for menu, Esc to quit)
Your glowing dagger glows red for a moment.
The gnoll hits you with a spear!
You die...

.......'.....##.#
.......#+###..#.#
..............#.#
...........##.#.#
...........##.#.#
.......#...##.#.#
.......#...##...#
.......#...###..#########
#####'##...# #.g@.......#
#####.#################.#
......##...........##...#
########.#########.##.###
########.### #.##.#
#..........# #....#
#..........# ######
#..........# #..........#


You could see a gnoll.

Vanquished Creatures
  A gnoll (D:1)
  2 adders (D:2)
  A worm (D:2)
  2 giant geckos (D:1)
  A giant cockroach (D:1)
  6 goblins
  8 hobgoblins
  5 bats
  4 giant newts
  5 kobolds
  7 rats
42 creatures vanquished.

Notes
Turn   | Place    | Note
--------------------------------------------------------------
     0 | D:1      | WhatsThis, the High Elf Skald, began the quest for the Orb.
     0 | D:1      | Reached XP level 1. HP: 14/14 MP: 4/4
    93 | D:1      | Reached skill level 1 in Armour
   218 | D:1      | Reached skill level 4 in Charms
   218 | D:1      | Reached XP level 2. HP: 10/20 MP: 6/6
   773 | D:1      | Reached XP level 3. HP: 23/25 MP: 8/8
   849 | D:1      | Learned a level 2 spell: Shroud of Golubria
   853 | D:1      | Learned a level 3 spell: Spectral Weapon
  1704 | D:2      | Reached XP level 4. HP: 30/30 MP: 0/11
  2123 | D:2      | Slain by a gnoll

Action                   |  1- 3 |  4- 6 || total
-------------------------+-------+-------++-------
Melee: Spear             |   145 |    28 ||   173
       Short sword       |     9 |       ||     9
 Cast: Infusion          |     1 |       ||     1
  Use: Potion            |     2 |       ||     2
       Scroll            |     2 |     2 ||     4
  Eat: Bread ration      |     1 |       ||     1
       Chunk             |     1 |       ||     1
